 Dungeon Crawl Stone Soup version 0.23.2-40-g277498a001 (webtiles) character file.

Game seed: 14788575189832348132

634 FishyPogo the Conjurer (level 7, -10/36 HPs)
             Began as a Deep Elf Conjurer on Oct 6, 2019.
             Was an Initiate of Ru.
             Mangled by a troll zombie (14 damage)
             ... in an ossuary.
             The game lasted 00:17:18 (3447 turns).

FishyPogo the Conjurer (Deep Elf Conjurer)          Turns: 3447, Time: 00:17:18

Health: -10/36     AC:  4    Str:  5    XL:     7   Next: 24%
Magic:  14/25      EV: 14    Int: 22    God:    Ru [......]
Gold:   196        SH:  0    Dex: 19    Spells: 1/16 levels left

rFire    . . .     SeeInvis .   o - +0 dagger (curse)
rCold    . . .     Gourm    .   (no shield)
rNeg     . . .     Faith    .   a - +0 robe
rPois    .         Spirit   .   B - +0 helmet
rElec    .         Reflect  .   (no cloak)
rCorr    .         Harm     .   (no gloves)
MR       .....                  f - +0 pair of boots
Stlth    +++.......             b - amulet of rage
HPRegen  0.12/turn              m - +4 ring of dexterity
MPRegen  0.19/turn              q - ring of magical power

@: no status effects
A: no striking features
a: Renounce Religion, Evoke Berserk Rage


You were in an ossuary.
You worshipped Ru.
Ru was noncommittal.
You were not hungry.

You visited 1 branch of the dungeon, and saw 4 of its levels.
You also visited: Ossuary.

You collected 196 gold pieces.

Inventory:

Hand Weapons
 e - a +1 dagger of draining
 o - a cursed +0 dagger (weapon)
Missiles
 h - 224 stones (quivered)
 r - a throwing net
Armour
 a - a +0 robe (worn)
 f - a +0 pair of boots (worn)
 s - a +0 buckler
 B - a +0 helmet (worn)
Jewellery
 b - an amulet of rage (around neck)
 m - a +4 ring of dexterity (left hand)
 q - a ring of magical power (right hand)
 z - an uncursed amulet of harm
Wands
 x - a wand of polymorph (4)
 y - a wand of flame (20)
 D - a wand of iceblast (8)
Scrolls
 i - 4 scrolls of identify {unknown}
 j - a scroll of noise {unknown}
 k - a scroll of teleportation {unknown}
 n - a scroll of remove curse
Potions
 d - a potion of mutation {unknown}
 g - 2 potions of brilliance {unknown}
 l - 2 potions of berserk rage {unknown}
 t - a potion of curing {unknown}
 u - a potion of lignification {unknown}
 v - a potion of flight {unknown}
 A - a potion of degeneration {unknown}
 C - a potion of invisibility {unknown}
Comestibles
 c - 7 rations


   Skills:
 - Level 3.0 Dodging
 - Level 3.0 Stealth
 + Level 1.9 Shields
 + Level 5.0 Spellcasting
 * Level 6.6 Conjurations
 - Level 5.0 Hexes
 * Level 0.9 Translocations
 + Level 0.3 Air Magic
 * Level 1.0 Poison Magic


You had one spell level left.
You knew the following spells:

 Your Spells              Type           Power        Failure   Level  Hunger
a - Magic Dart            Conj           ####         1%          1    None
b - Searing Ray           Conj           ####..       1%          2    None
c - Dazzling Spray        Conj/Hex       ####..       2%          3    ##.....
d - Iskenderun's Mystic   Conj           ####....     6%          4    ####...
e - Mephitic Cloud        Conj/Pois/Air  ###.....     10%         3    ##.....
f - Blink                 Tloc           N/A          11%         2    None

Your spell library contained the following spells:

 Spells                   Type           Power        Failure   Level  Hunger
 Slow                     Hex            ####....     1%          2    None
 Conjure Flame            Conj/Fire      ###.....     8%          3    ##.....
 Fulminant Prism          Conj/Hex       ####......   9%          4    ####...
 Call Imp                 Summ           #.......     16%         2    None
 Force Lance              Conj/Tloc      ###.....     22%         4    ####...


Dungeon Overview and Level Annotations

Branches:
Dungeon (4/15)
 Temple: D:4-7

Altars:
Ru
Trog

Shops:
D:4 }


Message History

The troll zombie closely misses you.
Casting: Magic Dart (safe; 1% risk of failure)
Confirm with . or Enter, or press ? or * to list all spells.
Aiming: Dazzling Spray (safe; 2% risk of failure)
Press: ? - help, Shift-Dir - straight line, f - troll zombie
Aim: a troll zombie The spray of energy hits the troll zombie.
The troll zombie is lightly damaged.
The troll zombie bites you!
* * * LOW HITPOINT WARNING * * *
The troll zombie barely misses you. The troll zombie closely misses you.
Casting: Dazzling Spray (safe; 2% risk of failure)
Confirm with . or Enter, or press ? or * to list all spells.
Aiming: Dazzling Spray (safe; 2% risk of failure)
Press: ? - help, Shift-Dir - straight line, f/p - troll zombie
Aim: a troll zombie (lightly damaged)
The spray of energy hits the troll zombie.
The troll zombie is lightly damaged.
The troll zombie bites you!
You die...

#....'.#..#
#....#.#..#
#....#.'..#
#....###..#
###########.#..#
#....#....#.#..#
#....#....#.'..#
#....#....###..#
#..@Z#....'.#..#
#'#########.#..#
#...#...#...#..#
##+###'###'###'###..#
.....................#
....................∩#
######################


You could see a troll zombie.

Vanquished Creatures
  Sigmund (D:2)
  A centaur zombie (Ossuary)
  A bullfrog skeleton (D:4)
  An orc priest (D:4)
  A human zombie (Ossuary)
  2 orc wizards (D:4)
  Ijyb (D:4)
  A big kobold zombie (Ossuary)
  An ogre zombie (Ossuary)
  2 mummies (Ossuary)
  Robin (D:4)
  3 gnolls (D:3)
  5 adders
  A howler monkey skeleton (D:4)
  2 oozes
  An adder zombie (Ossuary)
  A worm (D:4)
  2 dart slugs
  3 leopard geckos
  An orc (D:3)
  12 bats
  2 giant cockroaches
  20 goblins
  11 hobgoblins
  6 jackals
  7 kobolds
  2 frilled lizards
  A goblin zombie (Ossuary)
  A hobgoblin zombie (Ossuary)
  A jackal skeleton (D:4)
  A kobold zombie (Ossuary)
  3 quokka zombies (Ossuary)
  10 rats
  2 rat zombies (Ossuary)
111 creatures vanquished.

Notes
Turn   | Place    | Note
-------+----------+-------------------------------------------
     0 | D:1      | FishyPogo the Deep Elf Conjurer began the quest for the
                  | Orb.
     0 | D:1      | Reached XP level 1. HP: 10/10 MP: 6/6
   189 | D:1      | Reached XP level 2. HP: 10/15 MP: 0/8
   618 | D:1      | Reached XP level 3. HP: 8/19 MP: 0/9
   623 | D:1      | Learned a level 3 spell: Dazzling Spray
   829 | D:1      | Reached skill level 5 in Conjurations
  1337 | D:2      | Reached skill level 1 in Hexes
  1345 | D:2      | Learned a level 2 spell: Searing Ray
  1732 | D:2      | Reached XP level 4. HP: 24/24 MP: 11/11
  1756 | D:2      | Noticed Sigmund
  1766 | D:2      | Killed Sigmund
  1766 | D:2      | Reached skill level 1 in Shields
  1766 | D:2      | Reached XP level 5. HP: 18/28 MP: 6/13
  1951 | D:2      | Found a bloodstained altar of Trog.
  2104 | D:3      | Reached skill level 6 in Conjurations
  2104 | D:3      | Reached XP level 6. HP: 23/32 MP: 14/14
  2148 | D:3      | Learned a level 4 spell: Iskenderun's Mystic Blast
  2472 | D:3      | Found a sacrificial altar of Ru.
  2480 | D:3      | Became a worshipper of Ru the Awakened
  2616 | D:4      | Noticed Ijyb
  2635 | D:4      | Noticed Robin
  2640 | D:4      | Killed Robin
  2822 | D:4      | Found Tushrifing's Gadget Shoppe.
  2957 | D:4      | Killed Ijyb
  3018 | D:4      | Learned a level 3 spell: Mephitic Cloud
  3027 | D:4      | Found a sand-covered staircase.
  3033 | Ossuary  | Entered an ossuary
  3036 | Ossuary  | Reached XP level 7. HP: 21/36 MP: 16/16
  3040 | Ossuary  | Learned a level 2 spell: Blink
  3251 | Ossuary  | Reached skill level 5 in Spellcasting
  3399 | Ossuary  | Reached skill level 1 in Poison Magic
  3419 | Ossuary  | Reached skill level 5 in Hexes
  3447 | Ossuary  | Mangled by a troll zombie

Skill      XL: |  1  2  3  4  5  6  7 |
---------------+----------------------+-----
Dodging        | 3 |  3.0
Stealth        | 3 |  3.0
Conjurations   | 5 6 |  6.6
Hexes          | 1 3 4 5 |  5.0
Shields        | 1 |  1.9
Spellcasting   | 4 5 |  5.0
Poison Magic   | 1 |  1.0
Translocations | |  0.9
Air Magic      | |  0.3

Action                   |  1- 3 |  4- 6 |  7- 9 || total
-------------------------+-------+-------+-------++-------
Melee: Unarmed           |     1 |       |       ||     1
       Dagger            |    12 |     1 |    28 ||    41
       Hand axe          |       |    23 |       ||    23
 Cast: Magic Dart        |    76 |    92 |    37 ||   205
       Searing Ray       |       |     1 |       ||     1
       Iskenderun's Myst |       |    10 |     5 ||    15
       Dazzling Spray    |       |       |     2 ||     2
  Use: Scroll            |       |     3 |       ||     3
 Stab: Sleeping          |     6 |     1 |     5 ||    12
  Eat: Chunk             |     2 |     6 |       ||     8
       Ration            |       |       |     1 ||     1
Armor: Robe              |     5 |     9 |     8 ||    22
Dodge: Dodged            |    30 |    37 |    29 ||    96
